 Dungeon Crawl Stone Soup version 0.29.1-1-gd02db6906a (webtiles) character file.

Game seed: 14844443244710203151

30 LustLizard the Vexing (level 3, -7/18 HPs)
             Began as a Spriggan Arcane Marksman on Sept 23, 2022.
             Killed from afar by Natasha (9 damage)
             ... with a magic dart
             ... on level 2 of the Dungeon.
             The game lasted 00:02:35 (1383 turns).

LustLizard the Vexing (Spriggan Arcane Marksman)    Turns: 1383, Time: 00:02:35

Health: -7/18      AC:  2    Str:  6    XL:     3   Next: 5%
Magic:  6/6        EV: 17    Int: 14    God:
Gold:   20         SH:  0    Dex: 17    Spells: 3/4 levels left

rFire   . . .      SeeInvis +   a - +1 sling
rCold   . . .      Faith    .   (no shield)
rNeg    . . .      Spirit   .   c - +0 robe
rPois   .          Reflect  .   (helmet restricted)
rElec   .          Harm     .   (no cloak)
rCorr   .          Rampage  .   (gloves unavailable)
Will    .....                   (boots unavailable)
Stlth   ++........              (no amulet)
HPRegen 0.06/turn               (no ring)
MPRegen 0.10/turn               (no ring)

@: very quick
A: very small, no large weapons, unfitting armour, see invisible, speed 3
a: no special abilities


You were on level 2 of the Dungeon.
You visited 1 branch of the dungeon, and saw 2 of its levels.

You collected 20 gold pieces.

Inventory:

Hand Weapons
 a - a +1 sling (weapon)
Armour
 c - a +0 robe (worn)
Jewellery
 h - a ring of resist corrosion
Scrolls
 b - a scroll of poison
 e - 2 scrolls of teleportation
 g - a scroll of enchant weapon {unknown}
 i - a scroll of vulnerability {unknown}
 l - a scroll of blinking {unknown}
 n - a scroll of noise {unknown}
Potions
 d - a potion of resistance {unknown}
 f - 2 potions of degeneration {unknown}
 j - a potion of berserk rage {unknown}
 k - 3 potions of heal wounds {unknown}
 m - a potion of lignification {unknown}
 o - 3 potions of might {unknown}


   Skills:
 + Level 1.1 Fighting
 * Level 2.6 Ranged Weapons
 - Level 2.6 Dodging
 * Level 2.2 Stealth
 - Level 1.3 Spellcasting
 - Level 4.0 Hexes


You had 3 spell levels left.
You knew the following spells:

 Your Spells              Type           Power      Damage    Failure   Level
a - Slow                  Hex            48%        N/A       4%          1

Your spell library contained the following spells:

 Spells                   Type           Power      Damage    Failure   Level
 Inner Flame              Hex/Fire       6%         N/A       32%         3
 Portal Projectile        Hex/Tloc       12%        N/A       32%         3
 Cause Fear               Hex            6%         N/A       43%         4


Dungeon Overview and Level Annotations

Branches:
Dungeon (2/15)

Altars:

Annotations:
D:2 Natasha


Innate Abilities, Weirdness & Mutations

You are very small and have problems with some larger weapons.
You are too small for most types of armour.
You have supernaturally acute eyesight. (SInv)
You cover ground extremely quickly. (Speed+++)


Message History

The crimson imp blinks!
The crimson imp disappears for a moment.
Found a short sword.
Natasha extends her claws.
Found a gold piece.
The crimson imp disappears in a puff of smoke!
Natasha casts a spell at you. The magic dart hits you.
You are too injured to fight recklessly!
Fire: a) +1 sling
Press: ? - help, Q - select action, (/) - cycle Shift-Dir - straight line, f - Natasha
Aim: Natasha (moderately wounded, 51% to hit)
Okay, then.
You feel yourself speed up.
A goblin comes into view. It is wielding a +0 club.
The goblin shouts!
Really attack while wielding your +1 sling? [Y]es or [N]o only, please.
Really attack while wielding your +1 sling? [Y]es or [N]o only, please.
Really attack while wielding your +1 sling?
Okay, then.
Fire: a) +1 sling
Press: ? - help, Q - select action, (/) - cycle Shift-Dir - straight line, f - goblin
Aim: a goblin, wielding a +0 club (51% to hit)
You shoot a sling bullet.
The sling bullet closely misses the goblin.
The goblin misses you.
Fire: a) +1 sling
Press: ? - help, Q - select action, (/) - cycle Shift-Dir - straight line, f/p - goblin
Aim: a goblin, wielding a +0 club (51% to hit)
You shoot a sling bullet. The sling bullet hits the goblin!
You kill the goblin!
Natasha casts a spell at you. The magic dart hits you.
* * * LOW HITPOINT WARNING * * *
Natasha stares at you and mumbles some strange words.
The magic dart hits you!
Ouch! That really hurt!
You die...

#.#####
#.#...
##.#.#
#.#....#####
#..........#
#.#....###.#
#......# #.#
###).### #.#
#.$#####@#
#..h)....#
#...######
#... #...
... .. .


You could see Natasha.

Vanquished Creatures
  4 ball pythons (D:1)
  3 bats
  An endoplasm (D:1)
  3 hobgoblins (D:1)
  2 jackals (D:1)
  4 kobolds (D:1)
  3 quokkas (D:1)
  A frilled lizard (D:2)
  4 goblins
  2 rats (D:2)
27 creatures vanquished.

Notes
Turn   | Place    | Note
-------+----------+-------------------------------------------
     0 | D:1      | LustLizard the Spriggan Arcane Marksman began the quest for
                  | the Orb.
     0 | D:1      | Reached XP level 1. HP: 9/9 MP: 3/3
   114 | D:1      | Reached skill level 1 in Stealth
   208 | D:1      | Reached XP level 2. HP: 7/14 MP: 5/5
   426 | D:1      | Reached skill level 1 in Fighting
   535 | D:1      | Reached skill level 4 in Hexes
   831 | D:1      | Found a faded altar of an unknown god.
  1120 | D:2      | Reached XP level 3. HP: 18/18 MP: 6/6
  1271 | D:2      | Noticed Natasha
  1383 | D:2      | Killed from afar by Natasha

Illustrated notes

Levels and vault maps discovered:
D:1:      eino_arrival_water_star, layout_rooms,
          shapermc_ecumenical_altar_starsandcircs
D:2:      layout_loops_corners, uniq_natasha

Skill      XL: |  1  2 |
---------------+-------+-----
Stealth        | 1 2 |  2.2
Fighting       | 1 |  1.1
Hexes          | 4 |  4.0
Ranged Weapons | |  2.6
Dodging        | |  2.6
Spellcasting   | |  1.3

Action                   || total
-------------------------++-------
 Fire: Sling             ||   112
 Cast: Slow              ||     1
  Use: Scroll            ||     1
Armor: Robe              ||     3
Dodge: Dodged            ||    52
